 Dungeon Crawl Stone Soup version 0.30-a0-989-g0d87f670db (webtiles) character file.

Game seed: 7992422004007046043

210 bmack86 the Shield-Bearer (level 5, 0/47 HPs)
             Began as a Minotaur Fighter on Apr 3, 2023.
             Slain by a gnoll
             ... wielding a +0 halberd
             ... led by a gnoll bouda
              (3 damage)
             ... on level 4 of the Dungeon.
             The game lasted 00:04:26 (1967 turns).

bmack86 the Shield-Bearer (Minotaur Fighter)        Turns: 1967, Time: 00:04:26

Health: 0/47       AC:  9    Str: 23    XL:     5   Next: 57%
Magic:  4/4        EV:  7    Int:  5    God:
Gold:   124        SH:  4    Dex:  9    Spells: 4/4 levels left

rFire   . . .      SeeInvis .    a - +0 war axe
rCold   . . .      Faith    .    c - +0 buckler
rNeg    . . .      Spirit   .    o - +0 chain mail
rPois   .          Reflect  .    (helmet restricted)
rElec   .          Rampage  .    (no cloak)
rCorr   .                        (no gloves)
Will    .....                    (no boots) Stlth
                                 (no amulet)
HPRegen 0.27/turn                (no ring)
MPRegen 0.09/turn                (no ring)

@: no status effects
A: horns 2, retaliatory headbutt
a: no special abilities


You were on level 4 of the Dungeon.
You visited 1 branch of the dungeon, and saw 4 of its levels.

You collected 124 gold pieces.

Inventory:

Hand Weapons
 a - a +0 war axe (weapon)
Missiles
 h - 2 poisoned darts (quivered)
Armour
 b - a +0 scale mail
 c - a +0 buckler (worn)
 o - a +0 chain mail (worn)
Wands
 m - a wand of iceblast (10)
Scrolls
 e - a scroll of fear {unknown}
 g - 4 scrolls of identify {unknown}
 l - a scroll of poison {unknown}
 n - a scroll of noise {unknown}
 p - a scroll of magic mapping {unknown}
Potions
 d - a potion of might
 f - a potion of flight {unknown}
 i - a potion of heal wounds {unknown}
 j - a potion of resistance {unknown}
 k - a potion of curing {unknown}


   Skills:
 + Level 4.4 Fighting
 * Level 4.5 Axes
 + Level 1.8 Throwing
 + Level 4.5 Armour
 + Level 4.6 Shields


You had 4 spell levels left.
You didn't know any spells.
Your spell library contained the following spells:

 Spells                   Type           Power      Damage    Failure   Level
 Blink                    Tloc           0%         N/A       100%        2
 Manifold Assault         Tloc           0%         N/A       100%        4
 Storm Form               Tmut/Air       0%         N/A       100%        7


Dungeon Overview and Level Annotations

Branches:
Dungeon (4/15)
 Temple: D:4-7

Altars:
Nemelex Xobeh
Qazlal
Xom
Zin


Innate Abilities, Weirdness & Mutations

You have a pair of horns on your head.
You reflexively headbutt those who attack you in melee.


Message History

You hit the hound.
The hound is almost dead.
You hit the gnoll. You hit the gnoll bouda.
The hound bites you but does no damage.
The goblin shoots a sling bullet.
The sling bullet closely misses you.
The sling bullet misses the gnoll.
The gnoll hits you from afar with a +0 halberd.
The gnoll hits you but does no damage. The hound bites you.
The gnoll bouda hits you with a +0 club.
You block the gnoll's attack. The gnoll hits you with a +0 flail.
Unknown command.
You slash the gnoll!
You kill the gnoll!
You slash the hound!
You kill the hound!
You hit the gnoll bouda but do no damage.
Your attacks no longer feel as feeble.
The gnoll bouda hits you but does no damage.
The goblin shoots a sling bullet.
You block the sling bullet. The gnoll closely misses you.
You slash the endoplasm!
You kill the endoplasm!
You closely miss the gnoll bouda.
The gnoll bouda hits you with a +0 club.
* * * LOW HITPOINT WARNING * * *
The goblin shoots a sling bullet.
You block the sling bullet. The gnoll hits you but does no damage.
The gnoll bouda closely misses you.
The gnoll is no longer moving quickly.
The goblin shoots a sling bullet.
The sling bullet hits you but does no damage.
The gnoll hits you but does no damage. You block the gnoll bouda's attack.
Things that are here:
a +0 flail; a scroll labelled GYOTAL GAHURCH; a gnoll corpse You slash the gnoll bouda!
You headbutt the gnoll bouda, but do no damage.
The gnoll bouda is severely wounded.
The gnoll hits you from afar with a +0 halberd!
* * * LOW HITPOINT WARNING * * *
The gnoll bouda hits you with a +0 club.
* * * LOW HITPOINT WARNING * * *
The gnoll hits you from afar with a +0 halberd.
You die...

##...##..## #..
##..........
...####...........
..................
..................
.................
..##..............
##[.......<.......
.......@..........
.......g).........
.......g..........
..................
...........g......
..................
..................
..................


You could see a gnoll bouda, a gnoll and a goblin.

Vanquished Creatures
  2 crimson imps (D:3)
  A hound (D:4)
  2 gnolls (D:4)
  3 adders
  2 dart slugs
  2 ball pythons (D:1)
  5 endoplasms
  2 giant cockroaches (D:1)
  7 goblins
  3 hobgoblins
  6 jackals
  4 quokkas
  5 bats
  4 frilled lizards
  7 kobolds
  6 rats
61 creatures vanquished.

Notes
Turn   | Place    | Note
-------+----------+-------------------------------------------
     0 | D:1      | bmack86 the Minotaur Fighter began the quest for the Orb.
     0 | D:1      | Reached XP level 1. HP: 19/19 MP: 0/0
   147 | D:1      | Reached XP level 2. HP: 26/27 MP: 1/1
   464 | D:1      | Reached XP level 3. HP: 32/33 MP: 2/2
   949 | D:2      | Reached skill level 1 in Throwing
  1399 | D:3      | Reached XP level 4. HP: 40/40 MP: 3/3
  1606 | D:3      | Found a shimmering altar of Xom.
  1631 | D:3      | Found a sparkling altar of Nemelex Xobeh.
  1636 | D:3      | Found a stormy altar of Qazlal.
  1636 | D:3      | Found a glowing silver altar of Zin.
  1799 | D:3      | Reached XP level 5. HP: 47/47 MP: 4/4
  1967 | D:4      | Slain by a gnoll

Illustrated notes

Levels and vault maps discovered:
D:1:      giann_forest_graveyard, layout_rooms, minmay_fountain_box
D:2:      layout_loops_ring
D:3:      layout_basic, grunt_temple_overflow_open, led_xom_imps,
          kennysheep_generic_room_12
D:4:      layout_layer_cave

Skill      XL: |  1  2  3  4 |
---------------+-------------+-----
Axes           | 3 4 |  4.5
Shields        | 4 |  4.6
Fighting       | 4 |  4.4
Armour         | 4 |  4.5
Throwing       | 1 |  1.8

Action                     |  1- 3 |  4- 6 || total
---------------------------+-------+-------++-------
  Melee: War axe           |    91 |    34 ||   125
         Headbutt          |     4 |     3 ||     7
 Armour: Scale mail        |    57 |       ||    57
         Chain mail        |     8 |    41 ||    49
  Dodge: Dodged            |    58 |    18 ||    76
  Block: Buckler           |    27 |    10 ||    37

Table legend: (Time is in decaauts)
 A = Elapsed time spent in this place.
 B = Non-inter-level travel time spent in this place.
 C = Inter-level travel time spent in this place.
 D = Time resting spent in this place.
 E = Time spent auto-exploring this place.
 F = Levels seen in this place.
 G = Mean time per level.
                   A        B        C        D        E       F      G
               +--------+--------+--------+--------+--------+-----+--------+
         Total |   2012 |   1861 |    151 |      0 |   1298 |   4 |  503.0 |
       Dungeon |   2012 |   1861 |    151 |      0 |   1298 |   4 |  503.0 |
               +--------+--------+--------+--------+--------+-----+--------+

Top non-repeatable levels by time:
     D:2: 753 daAuts
     D:1: 659 daAuts
     D:3: 579 daAuts
     D:4: 20 daAuts
